 Dungeon Crawl Stone Soup version 0.23.2-30-g0e89c35649 (webtiles) character file.

Game seed: 261074123432092197

979 Masnef the Sneak (level 7, 0/38 HPs)
             Began as a Deep Elf Wizard on June 24, 2019.
             Was an Initiate of Sif Muna.
             Killed from afar by an electric eel (11 damage)
             ... with a bolt of electricity
             ... on level 6 of the Dungeon.
             The game lasted 00:17:30 (7534 turns).

Masnef the Sneak (Deep Elf Wizard)                  Turns: 7534, Time: 00:17:31

Health: 0/38       AC:  4    Str:  4    XL:     7   Next: 96%
Magic:  15/15      EV: 14    Int: 29    God:    Sif Muna [......]
Gold:   215        SH:  0    Dex: 13    Spells: 6/14 levels left

rFire    . . .     SeeInvis .   r - +8 flail "Nown" {protect, Int+4 Stlth+}
rCold    . . .     Gourm    .   (no shield)
rNeg     . . .     Faith    .   e - +1 robe {MR+}
rPois    .         Spirit   .   b - +1 hat
rElec    .         Reflect  .   (no cloak)
rCorr    +         Harm     .   (no gloves)
MR       +....     Rnd*Tele +   (no boots)
Stlth    ++++......             (no amulet)
HPRegen  0.12/turn              n - ring of resist corrosion
MPRegen  0.14/turn              l - ring of teleportation (curse)

@: no status effects
A: no striking features
a: Renounce Religion


You were on level 6 of the Dungeon.
You worshipped Sif Muna.
Sif Muna was noncommittal.
You were not hungry.

You visited 2 branches of the dungeon, and saw 7 of its levels.

You collected 215 gold pieces.

Inventory:

Hand Weapons
 c - a +1 dagger
 k - a +0 shortbow of freezing
 r - the +8 flail "Nown" (weapon) {protect, Int+4 Stlth+}
   (You found it on level 4 of the Dungeon)

   It protects the one who uses it against injury (+AC on strike).
   It affects your intelligence (+4).
   It makes you more stealthy.
 s - a +0 dagger of draining
Missiles
 m - 13 arrows
Armour
 a - a +0 robe
 b - a +1 hat (worn)
 e - a +1 robe of magic resistance (worn)
Jewellery
 l - a cursed ring of teleportation (right hand)
 n - a ring of resist corrosion (left hand)
Scrolls
 h - 2 scrolls of fog
 q - a scroll of magic mapping
 t - a scroll of identify
Potions
 f - a potion of heal wounds
 g - a potion of ambrosia
 i - 2 potions of lignification {unknown}
 j - 3 potions of degeneration {unknown}
 o - a potion of curing {unknown}
 p - a potion of flight {unknown}
Comestibles
 d - 6 rations


   Skills:
 + Level 1.0 Fighting
 - Level 3.1 Short Blades
 * Level 2.7 Maces & Flails
 * Level 4.8 Dodging
 - Level 5.0 Stealth
 - Level 4.4 Spellcasting
 + Level 4.3 Conjurations
 - Level 1.1 Summonings
 - Level 1.1 Translocations
 * Level 2.6 Air Magic
 - Level 2.0 Poison Magic


You had 6 spell levels left.
You knew the following spells:

 Your Spells              Type           Power        Failure   Level  Hunger
a - Magic Dart            Conj           ####         1%          1    None
b - Blink                 Tloc           N/A          6%          2    None
c - Call Imp              Summ           ##......     6%          2    None
d - Mephitic Cloud        Conj/Pois/Air  ###.....     6%          3    ##.....

Your spell library contained the following spells:

 Spells                   Type           Power        Failure   Level  Hunger
 Conjure Flame            Conj/Fire      ###.....     9%          3    ##.....
 Slow                     Hex            #.......     10%         2    None


Dungeon Overview and Level Annotations

Branches:
Dungeon (6/15)             Temple (1/1) D:6

Altars:
Dithmenos
Gozag
Hepliaklqana
Makhleb
Qazlal
Sif Muna
Trog
Uskayaw
Vehumet
Wu Jian
Zin
The Shining One

Shops:
D:5 [

Annotations:
D:5 3 runed translucent doors, TheAraber's ghost, novice MiFi; grerr's ghost, amateur DsAK


Message History

Your surroundings suddenly seem different.
You start resting.
Magic restored.
You start resting.
You feel strangely unstable.
You are suddenly yanked towards a nearby monster!
Your surroundings suddenly seem different.
Splash!
You fall into the shallow water.
Moving in this stuff is going to be slow.
You hear an angry growl.
An electric eel comes into view.
The electric eel shoots out a bolt of lightning at you!
The bolt of electricity misses you.
A black bear comes into view.
A shadow imp comes into view.
The black bear moves out of view.
The electric eel shoots out a bolt of lightning at you!
The bolt of electricity misses you.
The electric eel shoots out a bolt of lightning at you!
The bolt of electricity hits you!
You die...

....o.. #.... .
........ ......
##. ........
##....
...########.......
#####
....5.............
≈≈≈≈.≈≈≈≈≈........
####
≈≈≈≈.≈≈≈≈≈........
#...
≈≈≈≈.≈≈≈≈≈........
#.## ≈≈≈≈.≈≈≈≈≈@.#
#... ≈≈≈;........#
#### ......≈≈≈≈..#
≈≈≈≈≈.≈≈≈≈..#
≈≈≈≈≈.≈≈≈≈.##
≈≈≈≈≈.≈≈≈≈.#
≈≈≈≈≈.≈≈≈≈.#
...........h ####
##.......... #...


You could see a black bear, an electric eel and a shadow imp.

Vanquished Creatures
  A necrophage (D:3)
  An ogre (D:5)
  A bullfrog (D:6)
  2 scorpions (D:5)
  A bullfrog zombie (D:5)
  A crimson imp (D:5)
  An orc priest (D:4)
  An orc wizard (D:4)
  A hound (D:2)
  A bullfrog skeleton (D:4)
  An iguana (D:5)
  Natasha (twice) (D:4)
  5 worker ants
  2 gnolls (D:3)
  5 adders
  An ooze (D:2)
  An adder zombie (D:6)
  An adder skeleton (D:5)
  2 worms (D:3)
  A dart slug (D:2)
  A leopard gecko (D:4)
  12 orcs
  A ball python (D:4)
  6 bats
  7 giant cockroaches
  9 goblins
  5 hobgoblins
  13 jackals
  7 kobolds
  A quokka (D:4)
  3 frilled lizards
  10 rats
107 creatures vanquished.

Vanquished Creatures (collateral kills)
  A centaur (D:5)
  Natasha (D:4)
  A worm (D:4)
  3 orcs
6 creatures vanquished.

Grand Total: 113 creatures vanquished

Notes
Turn   | Place    | Note
-------+----------+-------------------------------------------
     0 | D:1      | Masnef the Deep Elf Wizard began the quest for the Orb.
     0 | D:1      | Reached XP level 1. HP: 10/10 MP: 7/7
   413 | D:1      | Reached XP level 2. HP: 14/15 MP: 1/9
   417 | D:1      | Learned a level 2 spell: Blink
   500 | D:1      | Learned a level 2 spell: Call Imp
  1031 | D:1      | Reached skill level 1 in Short Blades
  1273 | D:2      | Reached XP level 3. HP: 19/19 MP: 10/10
  1682 | D:2      | Reached skill level 3 in Stealth
  1682 | D:2      | Reached XP level 4. HP: 10/24 MP: 6/12
  2514 | D:3      | Noticed a necrophage
  2690 | D:3      | Learned a level 3 spell: Mephitic Cloud
  2790 | D:3      | Killed a necrophage
  2790 | D:3      | Reached XP level 5. HP: 17/26 MP: 0/13
  2994 | D:3      | Reached skill level 1 in Poison Magic
  3029 | D:3      | Found a stormy altar of Qazlal.
  3713 | D:3      | Reached XP level 6. HP: 22/30 MP: 14/14
  4138 | D:4      | Reached skill level 1 in Air Magic
  4883 | D:4      | Noticed Natasha
  4889 | D:4      | Killed Natasha
  5082 | D:4      | Reached skill level 4 in Stealth
  5314 | D:4      | Noticed Natasha
  5317 | D:4      | Killed Natasha
  5338 | D:4      | Noticed Natasha
  5343 | D:4      | Killed Natasha
  5394 | D:4      | Got a crude flail
  5395 | D:4      | Identified the +8 flail "Nown" {protect, Int+4 Stlth+} (You
                  | found it on level 4 of the Dungeon)
  5547 | D:5      | Entered Level 5 of the Dungeon
  5573 | D:5      | Reached XP level 7. HP: 35/35 MP: 15/15
  5679 | D:5      | Found a shadowy altar of Dithmenos.
  5906 | D:5      | Reached skill level 1 in Maces & Flails
  6185 | D:5      | Found Jauhoim's Antique Armour Boutique.
  6279 | D:5      | Found the +7 great mace "Firestarter" {inner flame, rF++}
  6344 | D:5      | Reached skill level 1 in Fighting
  6529 | D:5      | Found a runed translucent gate.
  6529 | D:5      | Found a runed translucent gate.
  6531 | D:5      | Found a runed translucent gate.
  6533 | D:5      | Noticed grerr's ghost (amateur DsAK)
  6533 | D:5      | Noticed TheAraber's ghost (novice MiFi)
  7178 | D:6      | Found a staircase to the Ecumenical Temple.
  7184 | Temple   | Entered the Ecumenical Temple
  7257 | Temple   | Became a worshipper of Sif Muna the Loreminder
  7472 | D:6      | Reached skill level 5 in Stealth
  7534 | D:6      | Killed from afar by an electric eel

Skill      XL: |  1  2  3  4  5  6  7 |
---------------+----------------------+-----
Conjurations   | 2 3 4 |  4.3
Short Blades   | 1 2 3 |  3.1
Dodging        | 3 4 |  4.8
Stealth        | 3 4 5 |  5.0
Poison Magic   | 1 2 |  2.0
Air Magic      | 1 2 |  2.6
Maces & Flails | 2 |  2.7
Fighting       | 1 |  1.0
Spellcasting   | |  4.4
Summonings     | |  1.1
Translocations | |  1.1

Action                   |  1- 3 |  4- 6 |  7- 9 || total
-------------------------+-------+-------+-------++-------
Melee: Unarmed           |    14 |       |       ||    14
       Dagger            |    30 |   161 |       ||   191
       Flail             |       |     5 |    80 ||    85
 Cast: Magic Dart        |    67 |   102 |     9 ||   178
       Blink             |       |     4 |     6 ||    10
       Mephitic Cloud    |       |    10 |     6 ||    16
       Call Imp          |       |     9 |     1 ||    10
  Use: Scroll            |     1 |       |     8 ||     9
       Potion            |       |       |     1 ||     1
 Stab: Sleeping          |     3 |     7 |     3 ||    13
       Confused          |       |     7 |     5 ||    12
  Eat: Chunk             |     1 |    14 |     3 ||    18
       Ration            |       |       |     1 ||     1
Armor: Robe              |    23 |    26 |    26 ||    75
Dodge: Dodged            |    59 |   143 |    85 ||   287
